 Dungeon Crawl Stone Soup version 0.21-a0-442-g848f44b (webtiles) character file.

2 dududu the Ducker (level 1, 0/10 HPs)
             Began as a Felid Berserker on Nov 13, 2017.
             Was a Follower of Trog.
             Slain by a kobold
             ... wielding a +0 whip
              (1 damage)
             ... on level 1 of the Dungeon.
             The game lasted 00:00:59 (101 turns).

dududu the Ducker (Felid Berserker)                  Turns: 101, Time: 00:00:59

Health: 0/10       AC:  1    Str: 13    XL:     1   Next: 33%
Magic:  2/2        EV: 19    Int:  8    God:    Trog [*.....]
Gold:   14         SH:  0    Dex: 15    Spells: 0/0 levels left
                                        Lives:  0   Deaths: 0

rFire    . . .     SeeInvis +     - Unarmed
rCold    . . .     Gourm    .   (shield unavailable)
rNeg     . . .     Faith    .   (armour unavailable)
rPois    .         Spirit   .   (helmet unavailable)
rElec    .         Reflect  .   (cloak unavailable)
rCorr    .         Harm     .   (gloves unavailable)
MR       .....                  (boots unavailable)
Stlth    ++........             (no amulet)
HPRegen  0.03/turn              (no ring)
MPRegen  0.08/turn              (no ring)

@: quick
A: no armour, no weapons or thrown items, stealth, claws 1, fangs 3, see
invisible, carnivore 3, speed 1, shaggy fur 1, slow metabolism 1, sharp paws
a: Berserk, Burn Spellbooks, Renounce Religion


You were on level 1 of the Dungeon.
You worshipped Trog.
Trog was aware of your devotion.
You were not hungry.

You visited 1 branch of the dungeon, and saw 1 of its levels.

You collected 14 gold pieces.

Inventory:

Scrolls
 b - 3 scrolls of identify {unknown}
 c - a scroll of fog {unknown}
Comestibles
 a - a meat ration


   Skills:
 + Level 3.0 Fighting
 + Level 4.0 Dodging
 + Level 0.3 Stealth
 * Level 3.0 Unarmed Combat


You couldn't memorise any spells.
You didn't know any spells.

Dungeon Overview and Level Annotations

Branches:
Dungeon (1/15)

Altars:


Innate Abilities, Weirdness & Mutations

You cannot wear armour.
You are incapable of wielding weapons or throwing items.
Your paws allow you to move quietly. (Stealth)
You have sharp claws.
You have razor-sharp teeth.
You have supernaturally acute eyesight. (SInv)
You are carnivorous and can eat meat at any time.
You cover ground quickly.
You are covered in fur. (AC +1)
You have a slow metabolism.
Your sharp claws are effective at attacking unaware monsters.


Message History

The giant cockroach is severely wounded.
The giant cockroach misses you.
You scratch the giant cockroach.
You kill the giant cockroach!
Trog accepts your kill.
You scratch the kobold but do no damage.
The kobold closely misses you.
You closely miss the kobold.
You scratch the kobold but do no damage.
The kobold hits you with a whip.
You barely miss the kobold. The kobold completely misses you.
You scratch the kobold but do no damage.
The kobold closely misses you.
You scratch the kobold but do no damage.
The kobold misses you.
You barely miss the kobold. You bite the kobold, but do no damage.
The kobold hits you with a whip.
* * * LOW HITPOINT WARNING * * *
You barely miss the kobold. The kobold hits you with a whip.
You die...

... #. . #.. . ..###..#.####
......... ..##.#
........###.##.## ##.. ..##
.........##@....# #.. ##...
..........K###..##..####≈≈≈≈
.........÷..............≈8≈§
.........##.##.......##.≈≈8≈
.........#...#.##.##....≈≈≈#
...............#...#.#..≈§≈'
.........#...........#..§≈§§
..$......##.#..#...#....≈≈≈#
..................##.#..≈≈8≈


You could see a kobold.

Vanquished Creatures
  A giant cockroach (D:1)
  2 rats (D:1)
3 creatures vanquished.

Notes
Turn   | Place    | Note
-------+----------+-------------------------------------------
     0 | D:1      | dududu the Felid Berserker began the quest for the Orb.
     0 | D:1      | Reached XP level 1. HP: 10/10 MP: 2/2
   101 | D:1      | Slain by a kobold

Vault maps used:
D:1:      lightli_arrival_boilingwater, roderic_roman_lattice,
          hangedman_decor_clover_reticule

Action                   || total
-------------------------++-------
Melee: Unarmed           ||    15
       Bite              ||     1
  Eat: Chunk             ||     1
Dodge: Dodged            ||     6

Table legend:
 A = Spawn XP
 B = Non-spawn XP
 C = Spawn XP percentage of total XP
 D = Spawn monster count
 E = Non-spawn monster count
 F = Spawn count percentage of total count
 G = Total turns spent on level
                    A         B        C        D         E        F      G
               +---------+---------+-------+---------+---------+-------+---------
         Total |       0 |       4 |   0.0 |       0 |       3 |   0.0 |   101
               +---------+---------+-------+---------+---------+-------+---------
           D:1 |       0 |       4 |   0.0 |       0 |       3 |   0.0 |   101
               +---------+---------+-------+---------+---------+-------+---------
